 Dungeon Crawl Stone Soup version 0.27-a0-1590-g15f69828bf (webtiles) character file.

Game seed: 12796386460492290447

819 duskshroud the Ruffian (level 7, -13/72 HPs)
             Began as a Troll Monk on July 18, 2021.
             Was a Priest of Dithmenos.
             Mangled by a shadow (22 damage)
             ... on level 6 of the Dungeon.
             The game lasted 00:13:13 (3147 turns).

duskshroud the Ruffian (Troll Monk)                 Turns: 3147, Time: 00:13:13

Health: -13/72     AC:  4    Str: 22    XL:     7   Next: 63%
Magic:  7/7        EV: 10    Int:  6    God:    Dithmenos [***...]
Gold:   221        SH:  0    Dex: 12    Spells: 6/6 levels left

rFire    . . .     SeeInvis .     - Unarmed
rCold    . . .     Faith    +   (no shield)
rNeg     . . .     Spirit   .   a - +0 robe
rPois    .         Reflect  .   (helmet restricted)
rElec    .         Harm     .   (no cloak)
rCorr    .         Rampage  .   (gloves unavailable)
Will     .....                  (boots unavailable)
Stlth    ++........             c - amulet of faith
HPRegen  1.22/turn              (no ring)
MPRegen  0.10/turn              (no ring)

@: wreathed by umbra
A: large, unfitting armour, claws 3, regeneration 1, shaggy fur 1, tough skin 1
a: Renounce Religion, Shadow Step


You were on level 6 of the Dungeon.
You worshipped Dithmenos.
Dithmenos was most pleased with you.
You visited 2 branches of the dungeon, and saw 7 of its levels.

You collected 221 gold pieces.

Inventory:

Hand Weapons
 l - a +0 flail
 x - a +0 flail of holy wrath
Missiles
 b - 252 stones (quivered)
 h - 6 atropa-tipped darts
Armour
 a - a +0 robe (worn)
Jewellery
 c - an amulet of faith (around neck)
 j - an amulet of guardian spirit
Scrolls
 d - 2 scrolls of magic mapping {unknown}
 f - 2 scrolls of amnesia {unknown}
 g - a scroll of blinking {unknown}
 i - a scroll of fog {unknown}
 o - 2 scrolls of identify {unknown}
 s - a scroll of acquirement {unknown}
 t - a scroll of fear {unknown}
 u - a scroll of noise {unknown}
Potions
 e - a potion of ambrosia {unknown}
 k - 2 potions of haste {unknown}
 m - a potion of magic {unknown}
 n - a potion of berserk rage {unknown}
 p - 3 potions of curing {unknown}
 q - a potion of mutation {unknown}
 r - a potion of invisibility {unknown}
 v - a potion of brilliance {unknown}
 w - a potion of might {unknown}


   Skills:
 + Level 5.3 Fighting
 - Level 2.4 Dodging
 - Level 1.0 Stealth
 * Level 6.6 Unarmed Combat
 - Level 2.0 Invocations


You had 6 spell levels left.
You didn't know any spells.
Your spell library contained the following spells:

 Spells                   Type           Power      Damage    Failure   Level
 Corona                   Hex            0%         N/A       45%         1
 Magic Dart               Conj           0%         1d3       45%         1
 Ensorcelled Hibernation  Hex/Ice        0%         N/A       58%         2
 Passwall                 Tmut/Erth      0%         N/A       58%         2
 Searing Ray              Conj           0%         3d3       58%         2
 Swiftness                Air            0%         N/A       83%         3
 Tukima's Dance           Hex            0%         N/A       83%         3
 Fulminant Prism          Conj/Hex       0%         3d6       99%         4
 Passage of Golubria      Tloc           N/A        N/A       99%         4
 Yara's Violent Unravell  Hex/Tmut       0%         3d3       100%        5
 Invisibility             Hex            0%         N/A       100%        6


Dungeon Overview and Level Annotations

Branches:
Dungeon (6/15)             Temple (1/1) D:4

Altars:
Ashenzari
Dithmenos
Gozag
Hepliaklqana
Makhleb
Nemelex Xobeh
Okawaru
Qazlal
Ru
Sif Muna
Trog
Vehumet
Wu Jian
Xom
Yredelemnul
Zin

Shops:
D:4 !


Innate Abilities, Weirdness & Mutations

You are too large for most types of armour.
You have claws for hands.
Your natural rate of healing is unusually fast.
You are covered in fur. (AC +1)
You have tough skin. (AC +1)


Message History

a +0 dagger; an orc corpse
There is an open door, spattered with blood here.
You see here a +0 falchion.
Items here: )) [[ ††.
There is an open door, spattered with blood here.
You see here a +0 falchion.
A shadow comes into view.
The shadow slips into darkness.
The shadow flickers and vanishes!
Deactivating autopickup; reactivate with Ctrl-A.
There is an open door, spattered with blood here.
You see here a +0 falchion.
As you close the door, pushing everything out of the way, it creaks loudly!
As you open the door, it creaks loudly!
There is an open door, spattered with blood here.
The shadow strikes at you from the darkness!
Reactivating autopickup.
You barely miss the shadow.
The shadow slips into darkness.
The shadow flickers and vanishes!
Deactivating autopickup; reactivate with Ctrl-A.
You barely miss something. You closely miss something.
The shadow strikes at you from the darkness!
Reactivating autopickup.
You completely miss the shadow.
The shadow slips into darkness.
The shadow flickers and vanishes!
Deactivating autopickup; reactivate with Ctrl-A.
You closely miss something.
The shadow strikes at you from the darkness!
* * * LOW HITPOINT WARNING * * *
Reactivating autopickup.
There is an open door, spattered with blood here.
The shadow slips into darkness.
The shadow flickers and vanishes!
Deactivating autopickup; reactivate with Ctrl-A.
You close the door.
Something unseen opens the door.
The shadow strikes at you from the darkness!
You die...

####### #.....#
#.....#.. ###+#######
#.....#.. #.........#
#.....#.. #.........#
#.....#.. #.........#
#.....#.. ##....<..##
#...(.#..
#.....@...######...##..
#.........#...##...##..
##.......)#)...........
...........'[...........
.###+#######............
##...##...##..
+....##...##..
#.....+.......
..#...##.......


There were no monsters in sight!

Vanquished Creatures
  2 scorpions
  3 water moccasin skeletons
  4 hounds
  An orc priest (D:4)
  A centaur skeleton (D:5)
  2 iguanas
  4 orc wizards
  A hound skeleton (D:4)
  A howler monkey skeleton (D:5)
  4 gnolls (D:3)
  5 adders
  An ufetubus (D:5)
  An adder skeleton (D:4)
  3 worms
  A dart slug (D:1)
  21 orcs
  6 endoplasms
  5 giant cockroaches
  4 goblins
  10 hobgoblins
  3 jackals (D:4)
  A quokka (D:1)
  A ball python (D:3)
  7 bats
  4 frilled lizards
  4 kobolds
  2 rats (D:1)
102 creatures vanquished.

Notes
Turn   | Place    | Note
-------+----------+-------------------------------------------
     0 | D:1      | duskshroud the Troll Monk began the quest for the Orb.
     0 | D:1      | Reached XP level 1. HP: 22/22 MP: 0/0
   243 | D:1      | Reached XP level 2. HP: 29/29 MP: 1/1
   639 | D:2      | Reached XP level 3. HP: 37/37 MP: 2/2
  1017 | D:3      | Reached skill level 4 in Unarmed Combat
  1046 | D:3      | Reached XP level 4. HP: 45/45 MP: 3/3
  1223 | D:3      | Reached XP level 5. HP: 54/54 MP: 4/4
  1377 | D:3      | Found a bloodstained altar of Trog.
  1377 | D:3      | Found an iron altar of Okawaru.
  1639 | D:4      | Found Mico Voraam's Distillery.
  1710 | D:4      | Reached skill level 5 in Unarmed Combat
  1727 | D:4      | Found a staircase to the Ecumenical Temple.
  1733 | D:4      | Reached XP level 6. HP: 63/63 MP: 5/5
  1737 | Temple   | Entered the Ecumenical Temple
  1746 | Temple   | Became a worshipper of Dithmenos the Shadowed
  1746 | Temple   | Reached * piety under Dithmenos
  1746 | Temple   | Reached ** piety under Dithmenos
  2096 | D:4      | Reached skill level 1 in Invocations
  2167 | D:4      | Found a radiant altar of Vehumet.
  2219 | D:5      | Entered Level 5 of the Dungeon
  2322 | D:5      | Reached XP level 7. HP: 49/71 MP: 6/6
  2334 | D:5      | Reached skill level 6 in Unarmed Combat
  2461 | D:5      | Reached skill level 5 in Fighting
  2765 | D:5      | Reached *** piety under Dithmenos
  2860 | D:5      | Found a glowing silver altar of Zin.
  3116 | D:6      | Noticed a shadow
  3141 | D:6      | HP: 2/72 [something (32)]
  3147 | D:6      | Mangled by a shadow

Illustrated notes

Levels and vault maps discovered:
D:1:      minmay_arrival_arboretum_small, layout_basic
D:2:      layout_rooms
D:3:      layout_loops_cross, grunt_temple_overflow_bloody_war
D:4:      layout_rooms, mainiacjoe_overflow_alcove_2, temple_green,
          serial_shops, nicolae_square_shop
D:5:      layout_gridville, kennysheep_little_box
D:6:      layout_gridville
Temple:   nicolae_temple_x_marks_the_god

Skill      XL: |  1  2  3  4  5  6  7 |
---------------+----------------------+-----
Fighting       | 3 4 5 |  5.3
Unarmed Combat | 4 5 6 |  6.6
Invocations    | 1 2 |  2.0
Dodging        | |  2.4
Stealth        | |  1.0

Action                   |  1- 3 |  4- 6 |  7- 9 || total
-------------------------+-------+-------+-------++-------
Melee: Unarmed           |    90 |   145 |    76 ||   311
       Punch             |     4 |     4 |       ||     8
 Stab: Sleeping          |     5 |     4 |     2 ||    11
Armor: Robe              |    28 |    30 |    13 ||    71
Dodge: Dodged            |    48 |    57 |    40 ||   145

Table legend: (Time is in decaauts)
 A = Elapsed time spent in this place.
 B = Non-inter-level travel time spent in this place.
 C = Inter-level travel time spent in this place.
 D = Time resting spent in this place.
 E = Time spent auto-exploring this place.
 F = Levels seen in this place.
 G = Mean time per level.
                   A        B        C        D        E       F      G
               +--------+--------+--------+--------+--------+-----+--------+
         Total |   3119 |   2987 |    132 |     24 |   1968 |   7 |  445.6 |
       Dungeon |   3048 |   2916 |    132 |     24 |   1968 |   6 |  508.0 |
        Temple |     70 |     70 |      0 |      0 |      0 |   1 |   70.0 |
               +--------+--------+--------+--------+--------+-----+--------+

Top non-repeatable levels by time:
     D:5: 810 daAuts
     D:3: 713 daAuts
     D:1: 593 daAuts
     D:4: 528 daAuts
     D:2: 296 daAuts
     D:6: 106 daAuts
  Temple: 70 daAuts
